 Dungeon Crawl Stone Soup version 0.25.1-2-g60ff931df9 (webtiles) character file.

Game seed: 1586167263971024324

54488 MisterFreud the Ripper (level 14, -8/72 HPs)
             Began as a Felid Berserker on Aug 14, 2020.
             Was the Champion of Trog.
             Blown up by an orb spider (31 damage)
             ... with an orb of destruction
             ... on level 1 of the Spider Nest.
             The game lasted 00:48:15 (27200 turns).

MisterFreud the Ripper (Felid Berserker)           Turns: 27200, Time: 00:48:15

Health: -8/72      AC:  3    Str: 13    XL:     14   Next: 34%
Magic:  0/22       EV: 37    Int: 10    God:    Trog [******]
Gold:   2976       SH:  0    Dex: 19    Spells: 13/13 levels left
                                        Lives:  0   Deaths: 2

rFire    . . .     SeeInvis +     - Unarmed
rCold    + . .     Gourm    .   (shield unavailable)
rNeg     . . .     Faith    .   (armour unavailable)
rPois    +         Spirit   +   (helmet unavailable)
rElec    .         Reflect  .   (cloak unavailable)
rCorr    .         Harm     .   (gloves unavailable)
MR       ++...                  (boots unavailable)
Stlth    +++++.....             A - amulet of guardian spirit
HPRegen  0.22/turn              c - +4 ring of evasion
MPRegen  0.18/turn              b - ring of poison resistance

@: berserk cooldown, slowed, slow
A: very small, no armour, no weapons or thrown items, stealth, claws 1, fangs 3,
see invisible, carnivore, speed 1, shaggy fur 3, slow metabolism 1, sharp paws
a: Berserk, Trog's Hand, Brothers in Arms, Renounce Religion


You were on level 1 of the Spider Nest.
You worshipped Trog.
Trog was exalted by your worship.
You were not hungry.

You visited 4 branches of the dungeon, and saw 24 of its levels.

You collected 3248 gold pieces.
You spent 272 gold pieces at shops.

Inventory:

Jewellery
 b - a ring of poison resistance (right paw)
 c - a +4 ring of evasion (left paw)
 d - a +6 ring of strength
 n - an uncursed amulet of regeneration
 q - an uncursed amulet of magic regeneration {unknown}
 A - an amulet of guardian spirit (around neck)
 B - an uncursed ring of positive energy
 C - an uncursed ring of resist corrosion
 J - a +4 ring of protection
 K - a +6 ring of dexterity
 L - an uncursed amulet of the acrobat
 M - an uncursed ring of ice
 N - a +6 ring of intelligence
Wands
 e - a wand of flame (18)
 i - a wand of random effects (14)
 t - a wand of acid (4)
 y - a wand of digging (9)
 D - a wand of iceblast (10)
 H - a wand of clouds (11)
 I - a wand of enslavement (9)
Scrolls
 f - 6 scrolls of magic mapping
 g - 8 scrolls of identify
 h - a scroll of immolation
 j - 14 scrolls of remove curse
 k - 8 scrolls of teleportation
 F - 3 scrolls of fog
 G - 5 scrolls of fear
Potions
 l - 6 potions of flight
 m - 2 potions of haste
 o - 5 potions of brilliance
 p - 7 potions of magic
 r - 2 potions of mutation
 s - 3 potions of curing
 u - a potion of resistance
 x - 5 potions of lignification
 z - 4 potions of heal wounds
 E - a potion of stabbing
Miscellaneous
 v - a tin of tremorstones (3/3)
 w - 2 boxes of beasts
 O - a phantom mirror
Comestibles
 a - 55 rations


   Skills:
 - Level 14.0 Fighting
 - Level 16.0 Dodging
 - Level 10.0 Stealth
 + Level 19.4 Unarmed Combat
 - Level 10.0 Evocations


You had 13 spell levels left.
You didn't know any spells.
Your spell library was empty.

Dungeon Overview and Level Annotations

Branches:
Dungeon (15/15)            Temple (0/1) D:6            Lair (6/6) D:10
 Shoals (0/4) Lair:4       Spider (1/4) Lair:4          Orc (2/2) D:12
    Elf (0/3) Orc:2        Vaults (0/5) D:13
  Slime: Lair:5-6    Depths: D:15

Altars:
Dithmenos
Elyvilon
Fedhas
Hepliaklqana
Makhleb
Nemelex Xobeh
Ru
Sif Muna
Trog
Uskayaw
Wu Jian
Xom
Zin
Beogh

Shops:
D:6 *!!(   D:7 :   D:13 ?   Orc:2 }%[(

Annotations:
D:3 3 runed translucent doors, Velaskes's ghost, amateur DsCK; protoss039's ghost, amateur DEEE
D:7 3 runed translucent doors, Kite's ghost, novice MiBe; Kold's ghost, novice DsGl
Lair:1 exclusion: 2 oklob plants
Lair:4 exclusion: oklob plant
Lair:5 exclusion: oklob plant
Lair:6 exclusion: 2 oklob plants


Innate Abilities, Weirdness & Mutations

You cannot wear armour.
You are incapable of wielding weapons or throwing items.
Your paws allow you to move quietly. (Stealth)
You have sharp claws.
You have razor-sharp teeth.
You have supernaturally acute eyesight. (SInv)
You are carnivorous and can eat meat at any time.
You cover ground quickly.
Your thick and shaggy fur keeps you warm. (AC +3, rC+)
You have a slow metabolism.
Your sharp claws are effective at attacking unaware monsters.


Message History

You feel yourself slow down.
You scratch the orb spider. You bite the orb spider.
The orb spider is lightly wounded.
The wavering orb of destruction hits you!!
The orb spider weaves a glowing orb of energy.
The orb spider pulsates with a strange energy.
An orb of destruction comes into view.
You scratch the orb spider.
You bite the orb spider, but do no damage.
The orb spider is moderately wounded.
You mangle the orb spider!!
The orb spider is almost dead.
The orb of destruction hits you!!!
The orb spider begins to weave its threads into a brightly glowing ball.
The orb spider weaves a glowing orb of energy.
An orb of destruction comes into view.
The orb spider weaves a glowing orb of energy.
An orb of destruction comes into view.
The orb of destruction hits you!!!
You die...

......^..................
.........................
....#................$...
....^...^s...s........#..
..........°..*...........
.^.^....○..............
........☼....[.........
.........○.............
...>.....@.............
.......................
#.........#............
##..#≈..>...........###
####≈≈......#.....≈≈
####...........≈
..≈#.......# ≈≈≈≈#......≈
##≈##≈#..#


You could see 2 orb spiders.

Vanquished Creatures
  Frances (D:12)
  An entropy weaver (Lair:4)
  An ogre mage (D:13)
  Fannar (D:12)
  5 hydras
  Harold (D:8)
  3 centaur warriors
  4 catoblepae
  2 two-headed ogres
  A tengu warrior (D:12)
  A deep troll earth mage (D:13)
  8 death yaks
  An orc high priest (Orc:2)
  Nergalle (Lair:2)
  2 skeletal warriors (D:12)
  A wizard (D:13)
  4 unseen horrors
  A flayed ghost (D:14)
  8 orc knights (Orc:2)
  An orc sorcerer (Orc:2)
  2 deep elf magi
  4 cyclopes
  7 ugly things (D:14)
  3 wolf spiders
  2 manticores
  Maurice (D:8)
  5 black mambas
  2 torpor snails
  3 gargoyles
  16 spiny frogs
  A rime drake (Lair:6)
  5 kobold demonologists
  2 efreet (D:14)
  6 komodo dragons
  2 yaktaurs (D:12)
  A tengu conjurer (D:13)
  A demonic crawler (Spider:1)
  5 trolls
  3 meliai (D:13)
  A queen bee (D:13)
  A wind drake (shapeshifter) (D:12)
  4 jumping spiders
  A hornet (D:13)
  10 blink frogs
  3 dream sheep
  A slime creature (D:9)
  A meliai zombie (D:12)
  7 hippogriffs
  A snapping turtle (Lair:4)
  12 redbacks
  A tarantella (Spider:1)
  50 yaks
  4 wyverns
  11 humans (D:13)
  2 steam dragons (D:9)
  2 hungry ghosts
  Edmund (D:6)
  10 wargs
  Menkaure (D:4)
  A soldier ant (D:13)
  12 water moccasins
  12 porcupines
  38 orc warriors
  A black bear (D:10)
  13 ice beasts
  6 sky beasts
  8 ogres
  3 necrophages
  4 phantoms
  18 centaurs
  18 wolves
  A boggart (D:13)
  9 crocodiles
  Blork the orc (D:4)
  7 big kobolds
  19 bullfrogs
  A gnoll sergeant (Orc:2)
  A wyvern zombie (D:12)
  3 scorpions
  32 killer bees
  3 wights (D:7)
  2 electric eels
  5 howler monkeys (D:12)
  7 crimson imps
  A quasit (D:8)
  3 bullfrog zombies
  6 hounds
  3 centaur zombies
  3 bullfrog skeletons
  11 orc priests
  3 jellies
  15 orc wizards
  Jessica (D:3)
  4 centaur skeletons
  6 iguanas
  Ijyb (D:4)
  Terence (D:2)
  7 hell rats
  7 worker ants
  A killer bee zombie (D:6)
  A hound zombie (D:6)
  A hound skeleton (D:7)
  Robin (D:3)
  2 gnolls
  15 adders
  7 shadow imps
  3 oozes
  4 worms
  A dart slug (D:3)
  5 leopard geckos
  93 orcs
  3 ball pythons
  11 bats
  4 giant cockroaches
  10 hobgoblins
  10 jackals
  23 kobolds
  6 quokkas
  A ball python skeleton (D:5)
  14 frilled lizards
  19 goblins
  7 rats
782 creatures vanquished.

Vanquished Creatures (collateral kills)
  Jorgrun (D:13)
  An ogre mage (D:13)
  A death yak (Lair:6)
  Urug (Lair:5)
  A deep elf archer (D:12)
  An orc sorcerer (D:13)
  A deep elf mage (D:13)
  A manticore (Lair:6)
  A spiny frog (Lair:5)
  5 dream sheep (Lair:5)
  12 yaks
26 creatures vanquished.

Vanquished Creatures (others)
  A human (D:13)
  A centaur (D:10)
  11 fungi
  40 plants
  4 withered plants
57 creatures vanquished.

Grand Total: 865 creatures vanquished

Notes
Turn   | Place    | Note
-------+----------+-------------------------------------------
     0 | D:1      | MisterFreud the Felid Berserker began the quest for the
                  | Orb.
     0 | D:1      | Reached XP level 1. HP: 10/10 MP: 2/2
    40 | D:1      | Reached skill level 1 in Stealth
    55 | D:1      | Reached XP level 2. HP: 8/14 MP: 3/3
   547 | D:1      | Reached XP level 3. HP: 15/17 MP: 4/4
   548 | D:1      | Reached ** piety under Trog
  1233 | D:2      | Noticed Terence
  1268 | D:2      | Killed Terence
  1268 | D:2      | Reached XP level 4. HP: 22/22 MP: 5/5
  1784 | D:2      | Found a hazy altar of Hepliaklqana.
  1859 | D:3      | Noticed Robin
  1872 | D:3      | Reached *** piety under Trog
  1873 | D:3      | Noticed Jessica
  1888 | D:3      | Killed Robin
  1889 | D:3      | Reached XP level 5. HP: 16/25 MP: 6/6
  2002 | D:3      | Reached skill level 5 in Stealth
  2073 | D:3      | Killed Jessica
  2073 | D:3      | Reached skill level 5 in Fighting
  2297 | D:3      | Noticed an ogre
  2308 | D:3      | Killed an ogre
  2308 | D:3      | Gained mutation: You are covered in thick fur. (AC +2)
                  | [Felid growth]
  2308 | D:3      | Reached XP level 6. HP: 30/30 MP: 7/7
  2351 | D:3      | Found a sacrificial altar of Ru.
  2360 | D:3      | Reached skill level 5 in Dodging
  2507 | D:3      | Found a runed translucent gate.
  2508 | D:3      | Found a runed translucent gate.
  2508 | D:3      | Found a runed translucent gate.
  2511 | D:3      | Noticed Velaskes's ghost (amateur DsCK)
  2511 | D:3      | Noticed protoss039's ghost (amateur DEEE)
  2545 | D:3      | Reached skill level 4 in Unarmed Combat
  2862 | D:3      | Found a bloodstained altar of Trog.
  3554 | D:4      | Reached XP level 7. HP: 25/33 MP: 8/8
  3701 | D:4      | Noticed Blork the orc
  3711 | D:4      | Killed Blork the orc
  3877 | D:4      | Reached skill level 5 in Unarmed Combat
  3995 | D:4      | Reached **** piety under Trog
  4209 | D:4      | Noticed Ijyb
  4218 | D:4      | Killed Ijyb
  4524 | D:4      | Noticed Menkaure
  4528 | D:4      | Killed Menkaure
  4581 | D:5      | Entered Level 5 of the Dungeon
  4581 | D:5      | Found a shimmering altar of Xom.
  4586 | D:5      | Reached XP level 8. HP: 37/37 MP: 9/9
  4814 | D:5      | Reached skill level 10 in Dodging
  5149 | D:6      | Found Lalog's Weapon Boutique.
  5297 | D:6      | Found Zato's Distillery.
  5301 | D:6      | Reached skill level 5 in Evocations
  5311 | D:6      | Bought a potion of heal wounds for 65 gold pieces
  5311 | D:6      | Bought a potion of heal wounds for 65 gold pieces
  5345 | D:6      | Found a staircase to the Ecumenical Temple.
  5348 | D:6      | Found Iwyrhast's Assorted Antiques.
  5356 | D:6      | Bought a murky orange potion for 22 gold pieces
  5539 | D:6      | Found Neif's Distillery.
  5568 | D:6      | Found a burning altar of Makhleb.
  5606 | D:6      | Noticed Edmund
  5620 | D:6      | Killed Edmund
  5941 | D:7      | Found a sparkling altar of Nemelex Xobeh.
  5950 | D:7      | Reached XP level 9. HP: 32/40 MP: 13/13
  5995 | D:7      | Found Ymizunut's Book Shoppe.
  6041 | D:7      | Found a blossoming altar of Fedhas.
  6176 | D:7      | Reached skill level 6 in Unarmed Combat
  6239 | D:7      | Found a runed translucent gate.
  6239 | D:7      | Found a runed translucent gate.
  6239 | D:7      | Found a runed translucent gate.
  6243 | D:7      | Noticed Kite's ghost (novice MiBe)
  6243 | D:7      | Noticed Kold's ghost (novice DsGl)
  6384 | D:7      | Reached ***** piety under Trog
  6643 | D:8      | Noticed Maurice
  6688 | D:8      | Killed Maurice
  6704 | D:8      | Noticed Harold
  6728 | D:8      | Killed Harold
  6728 | D:8      | Reached skill level 7 in Unarmed Combat
  6728 | D:8      | Reached XP level 10. HP: 12/47 MP: 14/14
  6974 | D:8      | Found a glowing silver altar of Zin.
  7204 | D:8      | Found a hide-covered altar of Uskayaw.
  7499 | D:9      | Noticed a deep elf mage
  7500 | D:9      | Killed a deep elf mage
  7500 | D:9      | Reached skill level 10 in Stealth
  7500 | D:9      | Reached skill level 8 in Unarmed Combat
  7560 | D:9      | Noticed a centaur warrior
  7563 | D:9      | Killed a centaur warrior
  7580 | D:9      | Identified Qogh's Incunabulum of the Rocks
  7580 | D:9      | Identified the Compendium of the Oath
  7581 | D:9      | Got a heavily runed bone ring
  7594 | D:9      | Reached skill level 9 in Unarmed Combat
  7780 | D:9      | Identified the ring "Kehoujil" {*Tele Dex+2} (You found it
                  | on level 9 of the Dungeon)
  7902 | D:9      | Found an ornate altar of the Wu Jian Council.
  7956 | D:9      | Found a white marble altar of Elyvilon.
  8242 | D:9      | Reached XP level 11. HP: 43/54 MP: 15/15
  8245 | D:9      | Noticed a two-headed ogre
  8328 | D:9      | Killed a two-headed ogre
  8328 | D:9      | Reached skill level 10 in Fighting
  8328 | D:9      | Reached skill level 10 in Unarmed Combat
  8502 | D:9      | Noticed a three-headed hydra
  8506 | D:9      | Killed a three-headed hydra
  8592 | D:10     | Entered Level 10 of the Dungeon
  8861 | D:10     | Found a staircase to the Lair.
  9486 | D:11     | Reached ****** piety under Trog
  9539 | D:11     | Noticed an unseen horror
  9545 | D:11     | Killed an unseen horror
 10107 | D:11     | Reached skill level 15 in Dodging
 10107 | D:11     | Gained mutation: Your thick and shaggy fur keeps you warm.
                  | (AC +3, rC+) [Felid growth]
 10107 | D:11     | Reached XP level 12. HP: 58/58 MP: 16/16
 10389 | Lair:1   | Entered Level 1 of the Lair of Beasts
 11487 | Lair:2   | Noticed Nergalle
 11494 | Lair:2   | Killed Nergalle
 11760 | Lair:2   | Noticed an eight-headed hydra
 11769 | Lair:2   | Killed an eight-headed hydra
 12279 | Lair:2   | Reached skill level 10 in Evocations
 13403 | Lair:4   | Reached XP level 13. HP: 60/62 MP: 21/21
 13717 | Lair:4   | Found a hole to the Spider Nest.
 14053 | Lair:4   | Found a staircase to the Shoals.
 14335 | Lair:5   | Reached skill level 11 in Unarmed Combat
 14343 | Lair:5   | Noticed Urug
 14347 | Lair:5   | Killed Urug
 15029 | Lair:5   | Found a burning altar of Makhleb.
 15351 | Lair:6   | Entered Level 6 of the Lair of Beasts
 15878 | Lair:5   | Reached skill level 12 in Unarmed Combat
 18102 | Lair:6   | Reached XP level 14. HP: 55/69 MP: 13/22
 18320 | Lair:6   | Reached skill level 13 in Unarmed Combat
 19541 | D:12     | Noticed Frances
 19554 | D:12     | Killed Frances
 20128 | D:12     | Found a staircase to the Orcish Mines.
 20253 | D:12     | Found a shadowy altar of Dithmenos.
 20341 | D:12     | Noticed Fannar
 20347 | D:12     | Killed Fannar
 20983 | D:13     | Found Ryledeba's Magic Scroll Emporium.
 21128 | D:13     | Bought a scroll of fog for 30 gold pieces
 21128 | D:13     | Bought a scroll of teleportation for 45 gold pieces
 21128 | D:13     | Bought a scroll of teleportation for 45 gold pieces
 21193 | D:13     | Reached skill level 14 in Unarmed Combat
 21230 | D:13     | Noticed Jorgrun
 21513 | D:13     | Found a transporter.
 21515 | D:13     | Found a shimmering blue altar of Sif Muna.
 21531 | D:13     | Killed from afar by a deep troll earth mage
 21532 | D:13     | Reached XP level 13. HP: -3/100 MP: 0/21
 21535 | D:13     | Killed Jorgrun
 21543 | D:13     | Paralysed by an ogre mage for 7 turns
 21546 | D:13     | HP: 5/100 [deep elf mage/+4 long sword (5)]
 21547 | D:13     | HP: 2/100 [hellwing[a kobold demonologist] (3)]
 21547 | D:13     | Mangled by an ogre mage
 21548 | D:13     | Reached XP level 12. HP: -12/96 MP: 0/20
 21565 | D:13     | Killed an ogre mage
 21566 | D:13     | Killed an ogre mage
 21581 | D:13     | Reached skill level 15 in Unarmed Combat
 21581 | D:13     | Reached XP level 13. HP: 62/67 MP: 11/21
 21658 | D:13     | Found a transporter.
 22051 | D:13     | Found a gate to the Vaults.
 22773 | D:14     | Reached skill level 16 in Unarmed Combat
 23392 | D:14     | Reached skill level 17 in Unarmed Combat
 23864 | D:15     | Entered Level 15 of the Dungeon
 23974 | Orc:1    | Entered Level 1 of the Orcish Mines
 24338 | Orc:2    | Entered Level 2 of the Orcish Mines
 24338 | Orc:2    | Found a roughly hewn altar of Beogh.
 24463 | Orc:2    | Found a roughly hewn altar of Beogh.
 24578 | Orc:2    | Reached skill level 18 in Unarmed Combat
 25229 | Orc:2    | Found Osoma's Antique Weapon Emporium.
 25254 | Orc:2    | Reached XP level 14. HP: 72/72 MP: 22/22
 25294 | Orc:2    | Found Afut's Antique Armour Boutique.
 25506 | Orc:2    | Found a staircase to the Elven Halls.
 25759 | Orc:2    | Found Ugure's Gadget Boutique.
 25840 | Orc:2    | Found Fosuho's Food Emporium.
 26207 | Spider:1 | Entered Level 1 of the Spider Nest
 26226 | Spider:1 | Reached skill level 19 in Unarmed Combat
 26247 | Spider:1 | Noticed an entropy weaver
 26268 | Lair:4   | Killed an entropy weaver
 27200 | Spider:1 | Blown up by an orb spider

Illustrated notes

Levels and vault maps discovered:
D:1:      minmay_arrival_five_plusses, layout_loops_corners,
          minmay_stone_trees_small, kennysheep_nondescript
D:2:      layout_rooms, marbit_many_paths, kennysheep_crisscross, uniq_terence
D:3:      layout_basic, old_standard_altar, lightli_temple_of_fire,
          gammafunk_ghost_cemetery, first_ration, minmay_misc_feat_more_columns,
          minmay_circle_x, uniq_jessica, uniq_robin
D:4:      layout_basic, uniq_blork_the_orc, uniq_menkaure, uniq_ijyb
D:5:      layout_rooms, basic_altar
D:6:      layout_basic, makhleb_grotto_becter, temple_statues, serial_shops,
          nicolae_shop_crystal, shop, nicolae_shop_statue_plus, shop,
          minmay_hedge_maze, dk_vineyard_2, uniq_edmund
D:7:      layout_rooms, nemelex_xobeh_ov_fountains_minmay, fedhas_altar_3,
          gammafunk_ghost_cemetery, serial_shops, shop
D:8:      layout_gridville, nicolae_overflow_crystal_walls,
          kennysheep_little_box, nicolae_straight_to_the_point, uniq_maurice,
          uniq_harold
D:9:      minmay_the_grid_plus_closed [minmay_the_grid_dragon_b,
          minmay_the_grid_spin_star, minmay_the_grid_dragon_a,
          minmay_the_grid_empty, minmay_the_grid_prize_shrinking_boxes],
          layout_rooms, overflow_temple_1_default, hangedman_ranch
          [blue_anna_fruit_fields], elyvilon_altar_3
D:10:     layout_roguey, grunt_lair_entry_orc_guard_hut
D:11:     layout_roguey
D:12:     minmay_crescents, layout_basic, orc_0_dummy, enter_bailey_6,
          grunt_dithmenos_shadows, uniq_frances, uniq_fannar
D:13:     gammafunk_sealed_library, layout_loops_ring,
          ximxim_vaults_locker_room, special_room [special_room_bee],
          serial_shops, shop, uniq_jorgrun
D:14:     layout_basic, portal_ice_cave_entry_ice_beasts, hex_tiny,
          nicolae_wwwww, st_stairs_14, minmay_starry_boxes
D:15:     gammafunk_enter_depths_forms, layout_irregular_city
Lair:1:   layout_cave_shapes, disabler_island, lemuel_fruit_tree,
          serial_bayou_shore_b
Lair:2:   layout_regular_city, grunt_megastairs_1, uniq_nergalle
Lair:3:   layout_regular_city
Lair:4:   minmay_lair_oklob_tunnel, layout_misc_corridors,
          minmay_shoals_entry_hut, spider_nest_entry_a, minivault_11,
          patterned_corridor
Lair:5:   layout_loops_ring, basic_altar, minmay_lair_oklob_chamber,
          serial_bayou_shore_b, uniq_urug
Lair:6:   evilmike_catoblepas_cave, layout_layer_cave,
          minmay_slime_entry_oklob_open, infiniplex_staircase_pool
Spider:1: layout_spider_delve
Orc:1:    layout_diamond_mine, mines5_lemuel
Orc:2:    st_orc_town, layout_caves, basic_altar, sword_in_stone

Skill      XL: |  1  2  3  4  5  6  7  8  9 10 11 12 13 14 |
---------------+-------------------------------------------+-----
Stealth        | 1 2 3 4 5 6 9 10 | 10.0
Fighting       | 4 5 7 9 10 12 14 | 14.0
Dodging        | 6 9 10 15 16 | 16.0
Unarmed Combat | 4 5 7 9 10 15 18 19 | 19.4
Evocations     | 5 10 | 10.0

Action                   |  1- 3 |  4- 6 |  7- 9 | 10-12 | 13-15 || total
-------------------------+-------+-------+-------+-------+-------++-------
Melee: Unarmed           |    86 |   216 |   299 |   621 |  1340 ||  2562
       Bite              |     5 |    21 |    38 |    97 |   215 ||   376
       Punch             |     1 |     3 |     9 |    33 |   130 ||   176
Invok: Berserk           |     1 |     4 |    12 |    17 |    26 ||    60
       Trog's Hand       |       |     3 |     2 |     4 |     9 ||    18
       Brothers in Arms  |       |       |       |     1 |     3 ||     4
Evoke: Wand              |       |       |       |       |    12 ||    12
       Box of beasts     |       |       |       |       |     1 ||     1
  Use: Scroll            |       |       |    11 |     5 |    13 ||    29
       Potion            |       |       |       |     1 |       ||     1
 Stab: Sleeping          |    13 |    12 |    23 |    41 |    49 ||   138
       Distracted        |       |     1 |     1 |     3 |     2 ||     7
  Eat: Chunk             |     8 |    10 |    19 |    27 |    60 ||   124
Armor: Skin              |     4 |     9 |     3 |     6 |    27 ||    49
Dodge: Dodged            |    52 |   161 |   234 |   616 |  1394 ||  2457
